TOP OF THE 1ST |
Pittsburgh Pirates batting - Pitching for New York Mets : LHP Mike Montgomery
|
Pitching: LHP Mike Montgomery
|
|
Batting: RHB Byron Buxton
|
0-0: Bunt for hit to 13 - play at first, batter safe!
|
Batting: LHB Jake Lamb
|
0-0: Ball Byron Buxton steals 2nd base (no throw) 1-0: Foul Ball, location: 2F 1-1: Foul Ball, location: 2F 1-2: Ball 2-2: Strikes out swinging
|
Batting: RHB Carlos Correa
|
0-0: Called Strike 0-1: Ball 1-1: Ball 2-1: Fly out, F8 (Flyball, 8LD) Runner from 2nd tags up, OUT at 3rd! 8-5
|
Top of the 1st over - 0 runs, 1 hit, 0 errors, 0 left on base; Pittsburgh 0 - New York 0 |
BOTTOM OF THE 1ST |
New York Mets batting - Pitching for Pittsburgh Pirates : RHP Tyson Ross
|
Pitching: RHP Tyson Ross
|
|
Batting: SHB Ian Happ
|
0-0: Ball 1-0: Swinging Strike 1-1: Fly out, F7 (Flyball, 7LS)
|
Batting: RHB Starlin Castro
|
0-0: Called Strike 0-1: Ball 1-1: Ball 2-1: SINGLE (Groundball, 56D)
|
Batting: LHB Eddie Rosario
|
0-0: Ball 1-0: Ball 2-0: Called Strike Starlin Castro is caught stealing 2nd base 2-6 2-1: DOUBLE (Flyball, 8LXD)
|
Batting: LHB Scott Schebler
|
0-0: Foul Ball, location: 2F 0-1: Foul Ball, location: 2F 0-2: Foul Ball, location: 2F 0-2: Ball 1-2: Ball 2-2: Fly out, F4 (Line Drive, 4)
|
Bottom of the 1st over - 0 runs, 2 hits, 0 errors, 1 left on base; Pittsburgh 0 - New York 0 |
TOP OF THE 2ND |
Pittsburgh Pirates batting - Pitching for New York Mets : LHP Mike Montgomery
|
Batting: RHB Ryan Zimmerman
|
0-0: Called Strike 0-1: Fly out, F7 (Flyball, 7S)
|
Batting: LHB Jay Bruce
|
0-0: Called Strike 0-1: Foul Ball, location: 2F 0-2: Fly out, F7 (Line Drive, 78M)
|
Batting: RHB Brian Dozier
|
0-0: Ball 1-0: Ball 2-0: Fly out, F4 (Popup, 34)
|
Top of the 2nd over - 0 runs, 0 hits, 0 errors, 0 left on base; Pittsburgh 0 - New York 0 |
BOTTOM OF THE 2ND |
New York Mets batting - Pitching for Pittsburgh Pirates : RHP Tyson Ross
|
Batting: LHB Mitch Moreland
|
0-0: Ball 1-0: Ball 2-0: Called Strike 2-1: Ground out U3 (Groundball, 3)
|
Batting: LHB Travis Shaw
|
0-0: Called Strike 0-1: Called Strike 0-2: Ground out 6-3 (Groundball, 4)
|
Batting: RHB Salvador Perez
|
0-0: Foul Ball, location: 2F 0-1: Ball 1-1: Ground out 6-3 (Groundball, 56)
|
Bottom of the 2nd over - 0 runs, 0 hits, 0 errors, 0 left on base; Pittsburgh 0 - New York 0 |
TOP OF THE 3RD |
Pittsburgh Pirates batting - Pitching for New York Mets : LHP Mike Montgomery
|
Batting: RHB Carlos Gomez
|
0-0: Ball 1-0: Swinging Strike 1-1: Fly out, F8 (Flyball, 8RD)
|
Batting: RHB Robinson Chirinos
|
0-0: SINGLE (Line Drive, 8LS)
|
Batting: RHB Tyson Ross
|
0-0: Sac Bunt - play at second, runner OUT -> throw to first, DP!
|
Top of the 3rd over - 0 runs, 1 hit, 0 errors, 0 left on base; Pittsburgh 0 - New York 0 |
BOTTOM OF THE 3RD |
New York Mets batting - Pitching for Pittsburgh Pirates : RHP Tyson Ross
|
Batting: RHB Nick Ahmed
|
0-0: Ball 1-0: Ball 2-0: Ball 3-0: DOUBLE (Flyball, 8RXD)
|
Batting: LHB Mike Montgomery
|
0-0: Sac Bunt to 3S - play at first, batter OUT! 3-4 Nick Ahmed to third
|
Batting: SHB Ian Happ
|
0-0: Swinging Strike 0-1: Swinging Strike 0-2: Ball 1-2: Foul Ball, location: 2F 1-2: Ball 2-2: Foul Ball, location: 2F 2-2: Strikes out swinging
|
Batting: RHB Starlin Castro
|
0-0: Called Strike 0-1: Ball 1-1: Swinging Strike 1-2: Ball 2-2: Foul Ball, location: 2F 2-2: SINGLE (Groundball, 56D) Nick Ahmed scores
|
Batting: LHB Eddie Rosario
|
0-0: Called Strike 0-1: Ball 1-1: Ground out U3 (Groundball, 3)
|
Bottom of the 3rd over - 1 run, 2 hits, 0 errors, 1 left on base; Pittsburgh 0 - New York 1 |
TOP OF THE 4TH |
Pittsburgh Pirates batting - Pitching for New York Mets : LHP Mike Montgomery
|
Batting: RHB Byron Buxton
|
0-0: Ball 1-0: Foul Ball, location: 2F 1-1: Foul Ball, location: 2F 1-2: Ball 2-2: Fly out, F8 (Line Drive, 8LD)
|
Batting: LHB Jake Lamb
|
0-0: Ball 1-0: Ball 2-0: Foul Ball, location: 2F 2-1: Ball 3-1: Swinging Strike 3-2: Fly out, F9 (Flyball, 9D)
|
Batting: RHB Carlos Correa
|
0-0: Ball 1-0: Foul Ball, location: 2F 1-1: Ground out 4-3 (Groundball, 34)
|
Top of the 4th over - 0 runs, 0 hits, 0 errors, 0 left on base; Pittsburgh 0 - New York 1 |
BOTTOM OF THE 4TH |
New York Mets batting - Pitching for Pittsburgh Pirates : RHP Tyson Ross
|
Batting: LHB Scott Schebler
|
0-0: Fly out, F8 (Flyball, 78M)
|
Batting: LHB Mitch Moreland
|
0-0: Called Strike 0-1: Ball 1-1: Ball 2-1: Foul Ball, location: 2F 2-2: SOLO HOME RUN (Flyball, 9LD), Distance : 345 ft
|
Batting: LHB Travis Shaw
|
0-0: Ball 1-0: Fly out, F8 (Line Drive, 89D)
|
Batting: RHB Salvador Perez
|
0-0: Called Strike 0-1: Ball 1-1: Ball 2-1: SOLO HOME RUN (Flyball, 9D), Distance : 396 ft
|
Batting: RHB Nick Ahmed
|
0-0: Ball 1-0: Foul Ball, location: 2F 1-1: Called Strike 1-2: Foul Ball, location: 2F 1-2: Ground out 4-3 (Groundball, 4M)
|
Bottom of the 4th over - 2 runs, 2 hits, 0 errors, 0 left on base; Pittsburgh 0 - New York 3 |
TOP OF THE 5TH |
Pittsburgh Pirates batting - Pitching for New York Mets : LHP Mike Montgomery
|
Batting: RHB Ryan Zimmerman
|
0-0: Called Strike 0-1: Swinging Strike 0-2: Ball 1-2: Foul Ball, location: 2F 1-2: Strikes out swinging
|
Batting: LHB Jay Bruce
|
0-0: Called Strike 0-1: Foul Ball, location: 2F 0-2: Ball 1-2: Foul Ball, location: 2F 1-2: Foul Ball, location: 2F 1-2: Foul Ball, location: 2F 1-2: Strikes out looking
|
Batting: RHB Brian Dozier
|
0-0: Called Strike 0-1: Ball 1-1: Ball 2-1: Swinging Strike 2-2: Ball 3-2: Base on Balls
|
Batting: RHB Carlos Gomez
|
0-0: Hit by Pitch Brian Dozier to second
|
Batting: RHB Robinson Chirinos
|
0-0: SINGLE (Groundball, 56D) Brian Dozier to third Carlos Gomez to second Runner from 3rd tries for Home, SAFE, throw by LF to home
|
Batting: RHB Tyson Ross
|
0-0: Foul Ball, location: 2F 0-1: Ball 1-1: Foul Ball, location: 2F 1-2: Strikes out swinging
|
Top of the 5th over - 1 run, 1 hit, 0 errors, 2 left on base; Pittsburgh 1 - New York 3 |
BOTTOM OF THE 5TH |
New York Mets batting - Pitching for Pittsburgh Pirates : RHP Tyson Ross
|
Batting: LHB Mike Montgomery
|
0-0: SINGLE (Line Drive, 5L)
|
Batting: SHB Ian Happ
|
0-0: Called Strike 0-1: Fielders Choice at 2nd, 1-4 (Groundball, 15S)
|
Batting: RHB Starlin Castro
|
0-0: Ball 1-0: SINGLE (Line Drive, 6D) Ian Happ to second
|
Batting: LHB Eddie Rosario
|
0-0: Called Strike 0-1: Foul Ball, location: 2F 0-2: Ball 1-2: Strikes out swinging
|
Batting: LHB Scott Schebler
|
0-0: Fly out, F8 (Flyball, 78S)
|
Bottom of the 5th over - 0 runs, 2 hits, 0 errors, 2 left on base; Pittsburgh 1 - New York 3 |
TOP OF THE 6TH |
Pittsburgh Pirates batting - Pitching for New York Mets : LHP Mike Montgomery
|
Batting: RHB Byron Buxton
|
0-0: Ball 1-0: Called Strike 1-1: Ball 2-1: Foul Ball, location: 2F 2-2: Strikes out swinging
|
Batting: LHB Jake Lamb
|
0-0: Foul Ball, location: 2F 0-1: Ball 1-1: Ball 2-1: Foul Ball, location: 2F 2-2: Ball 3-2: DOUBLE (Line Drive, 9LM)
|
Batting: RHB Carlos Correa
|
0-0: Called Strike 0-1: SINGLE (Groundball, 4D) Jake Lamb to third
|
Batting: RHB Ryan Zimmerman
|
0-0: Called Strike 0-1: Foul Ball, location: 2F 0-2: DOUBLE (Line Drive, 78M) Jake Lamb scores Carlos Correa to third Runner from 3rd tries for Home, throw by LF and OUT! 7-6-2
|
Batting: LHB Jay Bruce
|
0-0: Ball 1-0: Ground out 4-3 (Groundball, 4D)
|
Top of the 6th over - 1 run, 3 hits, 0 errors, 1 left on base; Pittsburgh 2 - New York 3 |
BOTTOM OF THE 6TH |
New York Mets batting - Pitching for Pittsburgh Pirates : RHP Tyson Ross
|
Batting: LHB Mitch Moreland
|
0-0: Ground out 2-3 (Groundball, 2L)
|
Batting: LHB Travis Shaw
|
0-0: Called Strike 0-1: Swinging Strike 0-2: Ball 1-2: Ground out 4-3 (Groundball, 4)
|
Batting: RHB Salvador Perez
|
0-0: Ball 1-0: Reached on error, E6 (Groundball, 56)
|
Batting: RHB Nick Ahmed
|
0-0: Ball 1-0: Fly out, F7 (Flyball, 7LS)
|
Bottom of the 6th over - 0 runs, 0 hits, 1 error, 1 left on base; Pittsburgh 2 - New York 3 |
TOP OF THE 7TH |
Pittsburgh Pirates batting - Pitching for New York Mets : LHP Mike Montgomery
|
Pitching: RHP James Hoyt
|
|
Batting: RHB Brian Dozier
|
0-0: Foul Ball, location: 2F 0-1: Swinging Strike 0-2: Foul Ball, location: 2F 0-2: Ball 1-2: Ground out 5-3 (Groundball, 5L)
|
Batting: RHB Carlos Gomez
|
0-0: Called Strike 0-1: Foul Ball, location: 2F 0-2: Ball 1-2: Ball 2-2: SINGLE (Line Drive, 56D)
|
Batting: RHB Robinson Chirinos
|
0-0: Ball 1-0: Called Strike 1-1: Ball 2-1: Ball 3-1: Swinging Strike 3-2: Strikes out swinging Carlos Gomez is caught stealing 2nd base 2-4 Batter strikes out.
|
Top of the 7th over - 0 runs, 1 hit, 0 errors, 0 left on base; Pittsburgh 2 - New York 3 |
BOTTOM OF THE 7TH |
New York Mets batting - Pitching for Pittsburgh Pirates : RHP Tyson Ross
|
Pinch Hitting: SHB Jonathan Villar
|
0-0: Ball 1-0: Ball 2-0: Foul Ball, location: 2F 2-1: Called Strike 2-2: Ball 3-2: Strikes out looking
|
Batting: SHB Ian Happ
|
0-0: Called Strike 0-1: Called Strike 0-2: Ball 1-2: Strikes out swinging
|
Batting: RHB Starlin Castro
|
0-0: Fly out, F8 (Line Drive, 8LD)
|
Bottom of the 7th over - 0 runs, 0 hits, 0 errors, 0 left on base; Pittsburgh 2 - New York 3 |
TOP OF THE 8TH |
Pittsburgh Pirates batting - Pitching for New York Mets : RHP James Hoyt
|
Pitching: LHP Adam Liberatore
|
|
Pinch Hitting: RHB Mark Canha
|
0-0: Ball 1-0: Called Strike 1-1: Ball 2-1: Swinging Strike 2-2: Foul Ball, location: 2F 2-2: Ball 3-2: Foul Ball, location: 2F 3-2: SINGLE (Flyball, 5D)
|
Batting: RHB Byron Buxton
|
0-0: Ball 1-0: Ball 2-0: Foul Ball, location: 2F 2-1: Fly out, F7 (Line Drive, 7D)
|
Batting: LHB Jake Lamb
|
0-0: Called Strike 0-1: Ball 1-1: Grounds into double play, 4-6-3 (Groundball, 4)
|
Top of the 8th over - 0 runs, 1 hit, 0 errors, 0 left on base; Pittsburgh 2 - New York 3 |
BOTTOM OF THE 8TH |
New York Mets batting - Pitching for Pittsburgh Pirates : RHP Tyson Ross
|
Pitching: LHP Taylor Rogers
|
|
Batting: LHB Eddie Rosario
|
0-0: Ground out 6-3 (Groundball, 6)
|
Batting: LHB Scott Schebler
|
0-0: Foul Ball, location: 2F 0-1: Ball 1-1: Called Strike 1-2: Foul Ball, location: 2F 1-2: Strikes out swinging
|
Batting: LHB Mitch Moreland
|
0-0: SINGLE (Groundball, 4MD)
|
Batting: LHB Travis Shaw
|
0-0: Called Strike 0-1: Called Strike 0-2: Ball 1-2: Fly out, F9 (Line Drive, 9)
|
Bottom of the 8th over - 0 runs, 1 hit, 0 errors, 1 left on base; Pittsburgh 2 - New York 3 |
TOP OF THE 9TH |
Pittsburgh Pirates batting - Pitching for New York Mets : LHP Adam Liberatore
|
Pitching: RHP Corey Knebel
|
|
Now at 3B: Erik Gonzalez
|
|
Batting: RHB Carlos Correa
|
0-0: Ground out 6-3 (Groundball, 6)
|
Batting: RHB Ryan Zimmerman
|
0-0: Called Strike 0-1: Called Strike 0-2: Ball 1-2: SINGLE (Groundball, 56D)
|
Batting: LHB Jay Bruce
|
0-0: Called Strike 0-1: Ball 1-1: Ball 2-1: Fielders Choice at 2nd, 3-5 (Groundball, 3)
|
Batting: RHB Brian Dozier
|
0-0: Ball 1-0: Swinging Strike Passed Ball! Jay Bruce to second 1-1: Called Strike 1-2: Fly out, F8 (Flyball, 8RD)
|
Top of the 9th over - 0 runs, 1 hit, 0 errors, 1 left on base; Pittsburgh 2 - New York 3 |
|